 Dungeon Crawl Stone Soup version 0.25-a0-861-g340c9e8194 (webtiles) character file.

Game seed: 18336886074756376045, levelgen mode: deterministic

26891 Glorfindel the Bewitcher (level 13, 51/51 HPs)
             Began as a Felid Enchanter on Apr 29, 2020.
             Was a High Priest of Sif Muna.
             Got out of the dungeon alive.
             The game lasted 04:03:01 (23787 turns).

Glorfindel the Bewitcher (Felid Enchanter)         Turns: 23787, Time: 04:03:01

Health: 51/51      AC:  7    Str:  4    XL:     13   Next: 1%
Magic:  26/26      EV: 26    Int: 22    God:    Sif Muna [*****.]
Gold:   318        SH:  0    Dex: 16    Spells: 7/28 levels left
                                        Lives:  1   Deaths: 1

rFire    . . .     SeeInvis +     - Unarmed
rCold    + . .     Gourm    .   (shield unavailable)
rNeg     + . .     Faith    .   (armour unavailable)
rPois    +         Spirit   .   (helmet unavailable)
rElec    .         Reflect  .   (cloak unavailable)
rCorr    .         Harm     .   (gloves unavailable)
MR       +....                  (boots unavailable)
Stlth    +++++++...             D - amulet "Dirpheth" {+Blink rN+ Regen+}
HPRegen  0.57/turn              r - +4 ring of protection {=R}
MPRegen  0.20/turn              p - ring of poison resistance

@: quick
A: very small, no armour, no weapons or thrown items, stealth, claws 1, fangs 3,
see invisible, carnivore, speed 1, shaggy fur 3, slow metabolism 1, sharp paws
a: Channel Magic, Forget Spell, Divine Exegesis, Renounce Religion, Evoke Blink


You escaped.
You worshipped Sif Muna.
Sif Muna was extremely pleased with you.
You were not hungry.

You visited 4 branches of the dungeon, and saw 23 of its levels.
You also visited: Sewer.

You collected 1543 gold pieces.
You spent 1225 gold pieces at shops.

Inventory:

Missiles
 n - 195 arrows
Jewellery
 c - an uncursed ring of protection from cold
 e - a +3 ring of evasion
 o - an uncursed ring of resist corrosion
 p - a ring of poison resistance (right paw)
 r - a +4 ring of protection (left paw) {=R}
 D - the amulet "Dirpheth" (around neck) {+Blink rN+ Regen+}
   (You acquired it on level 5 of the Lair of Beasts)

   [amulet of regeneration]

   It protects you from negative energy.
   It lets you blink.
   It increases your rate of regeneration.
 I - an uncursed amulet of magic regeneration {!P}
 K - an uncursed ring of positive energy
Wands
 g - a wand of flame (15)
 s - a wand of paralysis (32)
 A - a wand of clouds (5)
 G - a wand of digging (3)
 L - a wand of enslavement (4)
 M - a wand of polymorph (10)
Scrolls
 b - 3 scrolls of blinking
 d - 8 scrolls of remove curse
 h - 5 scrolls of teleportation
 j - 2 scrolls of fear
 v - 3 scrolls of fog
 w - 3 scrolls of immolation {!r}
 C - a scroll of magic mapping {!r}
 F - 4 scrolls of amnesia {!r}
 H - 2 scrolls of holy word
 J - a scroll of silence {unknown}
 S - 2 scrolls of vulnerability {!r}
Potions
 f - 3 potions of mutation {!q}
 i - 2 potions of flight
 k - 3 potions of cancellation
 l - 3 potions of magic
 m - 3 potions of brilliance
 q - a potion of berserk rage {!q}
 t - 8 potions of curing
 u - 4 potions of haste
 x - 3 potions of stabbing
 y - 2 potions of might
 z - 4 potions of ambrosia {!q}
 B - 3 potions of lignification {!q}
 N - 2 potions of invisibility
 O - 3 potions of heal wounds
 P - a potion of resistance
Miscellaneous
 E - a phial of floods
 Q - a tin of tremorstones
Comestibles
 a - 41 rations


   Skills:
 - Level 3.0 Fighting
 - Level 10.0 Dodging
 - Level 16.0 Stealth
 - Level 7.0 Unarmed Combat
 - Level 8.0 Spellcasting
 + Level 16.9 Hexes
 - Level 6.0 Ice Magic
 - Level 7.0 Invocations
 - Level 8.0 Evocations


You had 7 spell levels left.
You knew the following spells:

 Your Spells              Type           Power        Failure   Level  Hunger
d - Tukima's Dance        Hex            ######..     1%          3    None
h - Ensorcelled Hibernat  Hex/Ice        ######       1%          2    None
i - Invisibility          Hex            ######..     1%          6    ######.
m - Metabolic Englaciati  Hex/Ice        ######....   1%          5    #####..
o - Slow                  Hex            ######..     0%          2    None
t - Confusing Touch       Hex            ######..     1%          3    None

Your spell library contained the following spells:

 Spells                   Type           Power        Failure   Level  Hunger
 Corona                   Hex            ######.      0%          1    None
 Freeze                   Ice            ####         1%          1    None
 Dazzling Flash           Conj/Hex       #####.       1%          3    None
 Frozen Ramparts          Ice            #####.       1%          3    None
 Inner Flame              Hex/Fire       #####...     1%          3    None
 Darkness                 Hex            ######....   1%          6    ######.
 Fulminant Prism          Conj/Hex       #####.....   2%          4    ###....
 Ozocubu's Armour         Chrm/Ice       ###.....     6%          3    None
 Magic Dart               Conj           #...         8%          1    None
 Blink                    Tloc           N/A          11%         2    None
 Call Imp                 Summ           #.......     11%         2    None
 Searing Ray              Conj           #.....       11%         2    None
 Sublimation of Blood     Necr           #.........   11%         2    None
 Conjure Flame            Conj/Fire      #.......     22%         3    None
 Mephitic Cloud           Conj/Pois/Air  #.......     22%         3    None
 Hailstorm                Conj/Ice       ###.....     22%         4    ###....
 Summon Ice Beast         Ice/Summ       ###.....     22%         4    ###....
 Animate Dead             Necr           N/A          58%         4    ###....
 Iskenderun's Mystic Bla  Conj/Tloc      #.......     58%         4    ###....
 Ozocubu's Refrigeration  Ice            #####.....   67%         6    ######.
 Haunt                    Necr/Summ      #.........   100%        7    #######
 Absolute Zero            Ice            #####.....   100%        9    #######


Dungeon Overview and Level Annotations

Branches:
Dungeon (14/15)            Temple (1/1) D:4            Lair (6/6) D:8
 Spider (0/4) Lair:2        Slime (0/5) Lair:6          Orc (2/2) D:12
    Elf (0/3) Orc:2         Sewer (visited)
  Swamp: Lair:2-4    Shoals: Lair:2-4    Vaults: D:13-14

Altars:
Ashenzari
Cheibriados
Dithmenos
Elyvilon
Fedhas
Gozag
Hepliaklqana
Kikubaaqudgha
Makhleb
Nemelex Xobeh
Okawaru
Qazlal
Ru
Sif Muna
Trog
Uskayaw
Vehumet
Wu Jian
Xom
Yredelemnul
Zin
The Shining One
Beogh

Shops:
D:7 %   D:8 *=   D:9 =   D:13 *?:   Orc:2 ![

Portals:
Abyss: Lair:2

Annotations:
D:4 Eustachio
D:6 Duvessa
D:7 Pikel
D:12 exclusion: downstairs
D:13 gold near shop; ! dangerous, exclusion: hell hound, Rupert
D:14 exclusions: door and ugly thing
Lair:1 1 runed translucent door; amulet, bohran's ghost, novice GnSk
Lair:2 SHOALS, 2 transporters, exclusions: merfolk siren and orb spider, Suoleg's ghost, journeyman FoFi
Lair:3 ! gastro, Gastronok
Lair:5 exclusion: 2 upstairs
Lair:6 MAPPED; dangerous - TO DO, exclusion: upstairs
Orc:1 1 runed translucent door, Wamawkob's ghost, journeyman MiBe
Orc:2 MAPPED


Innate Abilities, Weirdness & Mutations

You cannot wear armour.
You are incapable of wielding weapons or throwing items.
Your paws allow you to move quietly. (Stealth)
You have sharp claws.
You have razor-sharp teeth.
You have supernaturally acute eyesight. (SInv)
You are carnivorous and can eat meat at any time.
You cover ground quickly.
Your thick and shaggy fur keeps you warm. (AC +3, rC+)
You have a slow metabolism.
Your sharp claws are effective at attacking unaware monsters.


Message History

(M) Slime Pits (O) Orcish Mines (E) Elven Halls
Where to? (Enter - D:1 @ (x,y), ? - help) Magic restored.
There is a stone staircase leading up here.
You climb upwards.
There is a stone staircase leading down here.
You see here a +0 club.
There is a stone staircase leading up here.
You see here a hunting sling.
There is a stone staircase leading up here.
You climb upwards.
There is a stone staircase leading down here.
There is a stone staircase leading up here.
You climb upwards.
There is a stone staircase leading down here.
You enter the shallow water.
Moving in this stuff is going to be slow.
There is a staircase leading out of the dungeon here.
Are you sure you want to leave the Dungeon?
This will make you lose the game!
You have escaped!

.#...## #.# #.#........ ####..#
#.## #.#.......# .#....# #..#
#.#.......# .#.##.#
######.######.#...#.... ...##.#
#≈≈≈≈♣≈♣≈≈≈≈#####...... ......#
#≈ ♣.......≈# ##.#.## ####..#
#≈♣♣♣......≈# #.#.## #
#..#####♣.♣.......♣### #.#... #
#.......≈....@....)..####.#.## #
##.#####♣.P.....P.♣#......#.#
#####.#####≈PPP...PPP≈######.#.#
..........#≈.P.....P.≈# #.#.#
#####..####≈...♣.♣...≈# #.#.#
#..# #≈≈≈≈♣.♣≈≈≈≈# #.#.# #..#
######.###### #...# #..# #.# .##
#..# #..# #.# ..# #..#


There were no monsters in sight!

Vanquished Creatures
  Louise (D:14)
  A stone giant (Orc:2)
  Fannar (Lair:3)
  4 hydras
  6 two-headed ogres
  Sonja (D:11)
  An unseen horror (D:10)
  4 orc knights (Orc:2)
  An ugly thing (D:11)
  3 cyclopes
  7 orc sorcerers
  A centaur zombie (D:11)
  5 elephants
  3 black mambas
  9 spiny frogs
  3 gargoyles
  A rime drake (Lair:6)
  5 komodo dragons
  3 trolls
  5 hippogriffs
  6 blink frogs
  2 spriggans
  2 shadows
  27 yaks
  A vampire (D:11)
  2 wyverns (Lair:5)
  A human (D:14)
  A basilisk (D:8)
  2 hungry ghosts
  Grum (Lair:1)
  3 wargs
  A steam dragon (D:10)
  12 water moccasins
  25 orc warriors
  9 porcupines
  A black bear (D:11)
  3 slaves (D:7)
  An ice beast (D:13)
  An eye of draining (D:12)
  A necrophage (D:8)
  15 ogres
  4 wolves (Lair:1)
  A sky beast (D:9)
  3 phantoms
  10 centaurs
  8 crocodiles
  11 bullfrogs
  A wyvern zombie (D:12)
  Dowan (D:6)
  A scorpion (D:5)
  A wight (D:9)
  An electric eel (Lair:2)
  2 howler monkeys
  4 crimson imps
  2 quasits
  A bullfrog zombie (D:12)
  A bullfrog skeleton (D:5)
  2 jellies
  16 orc priests
  4 centaur skeletons
  5 hounds
  20 orc wizards
  Jessica (D:3)
  4 iguanas
  4 worker ants
  Robin (D:4)
  4 gnolls (D:6)
  9 adders
  A river rat (Sewer)
  2 shadow imps
  An ooze (D:6)
  An adder zombie (D:9)
  An adder skeleton (D:4)
  2 worms
  2 dart slugs (D:1)
  3 leopard geckos
  103 orcs
  3 ball pythons
  4 bats
  7 giant cockroaches
  15 goblins
  11 hobgoblins
  2 jackals (D:8)
  A quokka (D:3)
  2 frilled lizards (D:1)
  A giant cockroach zombie (D:5)
  A jackal skeleton (D:4)
  A jackal zombie (D:7)
  6 kobolds
  7 rats
  2 fungi
  3 plants (Lair:1)
486 creatures vanquished.

Vanquished Creatures (collateral kills)
  A two-headed ogre (D:11)
  Urug (Lair:3)
  An orc knight (D:12)
  An orc warrior (Orc:2)
  An ogre (D:6)
5 creatures vanquished.

Vanquished Creatures (others)
  A dancing weapon (D:11)
  An orc wizard (Orc:2)
  4 fungi
  A plant (Lair:5)
  5 toadstools (D:1)
12 creatures vanquished.

Grand Total: 503 creatures vanquished

Notes
Turn   | Place    | Note
-------+----------+-------------------------------------------
     0 | D:1      | Glorfindel the Felid Enchanter began the quest for the Orb.
     0 | D:1      | Reached XP level 1. HP: 7/7 MP: 4/4
     0 | D:1      | //keep this mode (skills) on
    75 | D:1      | //shallow water here
   419 | D:1      | Reached XP level 2. HP: 7/11 MP: 4/6
   423 | D:1      | Learned a level 2 spell: Ensorcelled Hibernation
  1067 | D:1      | //own skilling again
  1218 | D:1      | Reached skill level 5 in Hexes
  1438 | D:1      | Reached XP level 3. HP: 14/14 MP: 4/7
  1439 | D:1      | //Int
  1500 | D:1      | Learned a level 3 spell: Confusing Touch
  1635 | D:2      | //id eg curing, hw
  2299 | D:3      | //sewer
  2324 | D:3      | Noticed Jessica
  2422 | D:3      | //Minor Magic
  2566 | D:3      | Killed Jessica
  2566 | D:3      | Reached skill level 5 in Stealth
  2566 | D:3      | Reached XP level 4. HP: 12/18 MP: 3/8
  2567 | D:3      | //cTouch worked
  2707 | D:3      | Found a glowing drain.
  2712 | D:3      | Reached skill level 1 in Ice Magic
  2717 | Sewer    | Entered a sewer
  2902 | Sewer    | //that's really tough here
  2911 | D:3      | //... and out
  3126 | D:3      | //ring rC+
  3391 | D:3      | //+3 ring ev
  3391 | D:3      | //1/22
  3400 | D:3      | Reached XP level 5. HP: 21/21 MP: 9/9
  3476 | D:4      | Noticed Robin
  3479 | D:3      | //robin + 100 friends immediately awake (stairs)
  3498 | D:4      | Learned a level 2 spell: Slow
  3538 | D:4      | Found a staircase to the Ecumenical Temple.
  3552 | Temple   | Entered the Ecumenical Temple
  3582 | Temple   | //all gods but Qaz - good temple
  3582 | Temple   | //let's see if Sif works with En
  3600 | Temple   | Became a worshipper of Sif Muna the Loreminder
  3690 | D:4      | Noticed Eustachio
  3777 | D:5      | Entered Level 5 of the Dungeon
  3868 | D:5      | Noticed a water moccasin
  3881 | D:5      | //failed to stab water mocc
  3888 | D:5      | //lucky scroll was telep
  4201 | D:5      | //id inacc
  4805 | D:4      | Killed Robin
  5376 | D:5      | Gained mutation: You are covered in thick fur. (AC +2)
                  | [Felid growth]
  5376 | D:5      | Reached XP level 6. HP: 14/24 MP: 8/11
  5378 | D:5      | //Int
  5386 | D:5      | //EH with brilliance vs orc pack
  5600 | D:5      | //failed to EH water mocc even with brill.
  5600 | D:5      | //-> slowed and ran
  5885 | D:5      | Reached * piety under Sif Muna
  5903 | D:5      | //channel magic 69% fail...
  6029 | D:5      | Reached skill level 1 in Invocations
  6029 | D:5      | Reached XP level 7. HP: 22/27 MP: 7/12
  6105 | D:6      | Learned a level 3 spell: Tukima's Dance
  6353 | D:6      | //phew, telep saved
  6361 | D:6      | //oh no
  6364 | D:6      | //Next telep bc of smiter
  7112 | D:6      | Noticed Dowan
  7113 | D:6      | Noticed Duvessa
  7494 | D:7      | Found Bubiul's Food Boutique.
  7902 | D:7      | Noticed a hungry ghost
  7905 | D:7      | Reached skill level 5 in Invocations
  7937 | D:7      | Killed a hungry ghost
  7937 | D:7      | Reached XP level 8. HP: 23/31 MP: 9/13
  8037 | D:7      | Noticed Pikel
  8090 | D:6      | Reached skill level 1 in Fighting
  8101 | D:6      | Reached ** piety under Sif Muna
  8160 | D:6      | //channel 17% fail at 6 invo
  8394 | D:5      | //finally channel worked, 2 slows and 2 stabs vs mocc
  8395 | D:5      | //-> more invo
  8715 | D:6      | //dowan robe rC+
  8749 | D:6      | Killed Dowan
  8751 | D:6      | //slow and confused bers duv...
  8844 | D:7      | //failed to kill her, UC too weak
  9297 | D:8      | //id + 6 amu refl
  9467 | D:8      | Noticed a two-headed ogre
  9481 | D:8      | Noticed a cyclops
  9491 | D:8      | //cyclops here...
  9924 | D:8      | Reached skill level 5 in Unarmed Combat
  9931 | D:8      | //spriggan baker man baker man
  9956 | D:8      | Found Hapnigiy's Assorted Antiques.
  9963 | D:8      | Bought a shiny silver wand for 112 gold pieces
  9963 | D:8      | //wand para
  9963 | D:8      | Bought a scroll labeled BAYSAG FUTS for 28 gold pieces
  9963 | D:8      | Bought a scroll labeled DISKAJ FUTI for 28 gold pieces
  9963 | D:8      | Bought a sedimented puce potion for 25 gold pieces
  9963 | D:8      | Bought a scroll labeled ODIALE GULOZEY for 28 gold pieces
  9989 | D:8      | Reached XP level 9. HP: 33/35 MP: 7/14
  9990 | D:8      | //Int
 10004 | D:8      | //vs ce: 1) slow 2) EH
 10062 | D:8      | Found Hutesirr's Jewellery Shoppe.
 10077 | D:8      | Found a staircase to the Lair.
 10077 | D:8      | Noticed an elephant
 10112 | D:8      | Found an opulent altar of Gozag.
 10131 | D:8      | Killed a two-headed ogre
 10131 | D:8      | Reached skill level 10 in Hexes
 10352 | D:8      | Noticed a gargoyle
 10480 | D:9      | Found a radiant altar of Vehumet.
 10482 | D:9      | Found a shimmering blue altar of Sif Muna.
 10482 | D:9      | Found a snail-covered altar of Cheibriados.
 10484 | D:9      | Found a radiant altar of Vehumet.
 10484 | D:9      | Found a shimmering altar of Xom.
 10484 | D:9      | Found an ornate altar of the Wu Jian Council.
 10513 | D:9      | //scattershot
 10596 | D:9      | Found a stormy altar of Qazlal.
 10706 | D:8      | Reached skill level 1 in Evocations
 10879 | D:8      | //rPois, +4 prot in shop
 10973 | D:9      | //still waiting for getting back 2*
 11032 | D:9      | //[pso fuo]
 11051 | D:9      | //clouds!
 11101 | D:9      | //[lak allg]
 11118 | D:9      | //ok, 2* again, don't use channeling
 11128 | D:9      | //... and id 2 magic
 11309 | D:9      | Noticed a troll
 11346 | D:9      | Killed a troll
 11346 | D:9      | Reached skill level 5 in Evocations
 11401 | D:9      | Found Evvuh's Jewellery Shoppe.
 11468 | D:10     | Entered Level 10 of the Dungeon
 11511 | D:10     | Noticed a two-headed ogre
 11532 | D:10     | Killed a two-headed ogre
 11655 | D:10     | Reached XP level 10. HP: 27/40 MP: 16/16
 11660 | D:10     | Learned a level 3 spell: Dazzling Flash
 11705 | D:10     | Noticed an unseen horror
 11709 | D:10     | Killed an unseen horror
 11709 | D:10     | Reached skill level 10 in Stealth
 11883 | D:10     | //[oap]
 12411 | D:11     | Noticed a two-headed ogre
 12453 | D:11     | Killed a two-headed ogre
 12749 | D:11     | Noticed Sonja
 12759 | D:11     | Killed Sonja
 12827 | D:11     | //dig
 12836 | D:11     | Noticed a gargoyle
 12858 | D:11     | Killed a gargoyle
 12858 | D:11     | Reached skill level 5 in Spellcasting
 13038 | D:11     | //*** Jinx *** (btw)
 13057 | D:11     | //[mus.]
 13278 | D:11     | Noticed a brown ugly thing
 13306 | D:11     | Killed a brown ugly thing
 13306 | D:11     | Reached XP level 11. HP: 45/45 MP: 16/19
 13393 | D:11     | Noticed a two-headed ogre
 13405 | D:11     | Killed a two-headed ogre
 13678 | D:11     | Noticed a seven-headed hydra
 14069 | D:8      | Bought an uncursed ring of poison resistance for 240 gold
                  | pieces
 14228 | Lair:1   | Entered Level 1 of the Lair of Beasts
 14250 | Lair:1   | //some more ice magic for EH
 14288 | Lair:1   | Noticed bohran's ghost (novice GnSk)
 14288 | Lair:1   | Found a runed translucent door.
 14301 | Lair:1   | Reached *** piety under Sif Muna
 14452 | Lair:1   | //so many scrolls
 14540 | Lair:1   | Noticed an eight-headed hydra
 14726 | Lair:1   | Noticed Grum
 14793 | Lair:1   | Killed Grum
 15037 | Lair:1   | Killed an eight-headed hydra
 15038 | Lair:1   | //scatter vs hydra
 15276 | Lair:1   | //fighting grass - and food pit
 15419 | Lair:2   | Found a hole to the Spider Nest.
 15419 | Lair:2   | Noticed an orb spider
 15513 | Lair:2   | //book Conj
 15769 | Lair:2   | Gained mutation: Your thick and shaggy fur keeps you warm.
                  | (AC +3, rC+) [Felid growth]
 15769 | Lair:2   | Reached XP level 12. HP: 48/48 MP: 8/20
 15770 | Lair:2   | //Int
 15829 | Lair:2   | //shoals here as well
 15945 | Lair:2   | Found a transporter.
 15945 | Lair:2   | Identified the +5 spear of the Neverending Suns {distort,
                  | rN+}
 15958 | Lair:2   | Found a transporter.
 15969 | Lair:2   | Found a one-way gate to the infinite horrors of the Abyss.
 15969 | Lair:2   | Noticed Suoleg's ghost (journeyman FoFi)
 15993 | Lair:2   | //transporter vault with sun demon (!)
 16066 | Lair:2   | //[old to]
 16317 | Lair:3   | Noticed Fannar
 16332 | Lair:3   | Killed Fannar
 16333 | Lair:3   | //2 scatt, 1 cloud
 16444 | Lair:3   | //rCorr
 16503 | Lair:3   | Noticed Gastronok
 16560 | Lair:3   | Noticed Urug
 16572 | Lair:3   | Killed Urug
 16650 | Lair:4   | Reached **** piety under Sif Muna
 16655 | Lair:4   | //exegesis at 45% fail, so much more invo
 16711 | Lair:4   | Noticed a four-headed hydra
 16979 | Lair:5   | //elephants tough
 17094 | Lair:5   | Noticed a six-headed hydra
 17130 | Lair:5   | Reached skill level 15 in Stealth
 17283 | Lair:6   | Entered Level 6 of the Lair of Beasts
 17284 | Lair:6   | //volcano and no rF+
 17319 | Lair:6   | //3 blinks left (read-id)
 17326 | Lair:6   | //mapped - and it's the swamp
 17461 | Lair:6   | Reached skill level 10 in Dodging
 17462 | Lair:6   | //dodge 10 -> 3/29
 17516 | Lair:5   | //[Fs]
 17570 | Lair:5   | Identified 2 scrolls of acquirement
 17571 | Lair:5   | //Id 2 acqu
 17579 | Lair:5   | Identified the amulet "Geerghol" {+Rage +Inv rF- rC+++ MR-}
                  | (You acquired it on level 5 of the Lair of Beasts)
 17581 | Lair:5   | //acqu book Frost
 17581 | Lair:5   | Identified the amulet "Dirpheth" {+Blink rN+ Regen+} (You
                  | acquired it on level 5 of the Lair of Beasts)
 17583 | Lair:5   | //acquired amu (book Hexes with fear other chance)
 17728 | Lair:4   | Killed a four-headed hydra
 17767 | Lair:3   | //[MF gent]
 17921 | D:8      | Bought a +4 ring of protection for 432 gold pieces
 18077 | Lair:4   | Noticed an eight-headed hydra
 18084 | Lair:4   | Killed an eight-headed hydra
 18085 | Lair:4   | //stabbed 8h h
 18089 | Lair:4   | //risky I think
 18414 | Lair:6   | Reached XP level 13. HP: 51/51 MP: 14/21
 18515 | Lair:5   | //L:6 seems too dangerous for stabbing around
 18750 | D:8      | Reached ***** piety under Sif Muna
 18918 | D:11     | Reached skill level 15 in Hexes
 18983 | D:11     | //still no mines
 19031 | D:12     | //5* in the meantime
 19076 | D:12     | //stab 2h ogre
 19312 | D:12     | Identified Sif Muna's Papyrus of Hexes (Sif Muna gifted it
                  | to you on level 12 of the Dungeon)
 19312 | D:12     | Received a gift from Sif Muna
 19316 | D:12     | //*** 1. gift ***
 19316 | D:12     | //with ME, darkness, invis
 19316 | D:12     | //darkness, invis at 2% fail (!)
 19323 | D:12     | Learned a level 6 spell: Invisibility
 19330 | D:12     | Learned a level 5 spell: Metabolic Englaciation
 19343 | D:12     | //never used dazzling, ME likely better
 19877 | D:12     | You fall into a shaft and drop 2 floors!
 19890 | D:14     | Noticed Louise
 19898 | D:14     | Killed Louise
 19898 | D:14     | Reached skill level 5 in Ice Magic
 19899 | D:14     | //1st invis stab
 20136 | D:13     | //hatch up - ok
 20154 | D:13     | Found Adosta's Assorted Antiques.
 20162 | D:13     | Bought a ring of protection for 68 gold pieces
 20162 | D:13     | Bought a scroll labeled FEICAA VILA for 34 gold pieces
 20171 | D:13     | //+1 ring prot shop :-|
 20322 | D:12     | Found a roughly hewn altar of Beogh.
 20322 | D:12     | Found a staircase to the Orcish Mines.
 20520 | D:13     | Found Dilosi's Magic Scroll Emporium.
 20531 | D:13     | Bought a scroll of identify for 32 gold pieces
 20545 | D:13     | Found Hulidann's Book Shoppe.
 20554 | D:13     | //interesting books in shop - but usually Sif should give
                  | the spells :-)
 20568 | D:13     | //amu magic regen
 20634 | D:13     | Noticed Rupert
 20742 | D:12     | //L:6 or mines?
 20765 | Orc:1    | Entered Level 1 of the Orcish Mines
 20975 | Orc:2    | Entered Level 2 of the Orcish Mines
 21430 | Orc:1    | Found a roughly hewn altar of Beogh.
 21507 | Orc:1    | Found a runed translucent door.
 21510 | Orc:1    | Noticed Wamawkob's ghost (journeyman MiBe)
 21714 | Orc:2    | Identified Sif Muna's Handbook of Lethal Snow (Sif Muna
                  | gifted it to you on level 2 of the Orcish Mines)
 21714 | Orc:2    | Received a gift from Sif Muna
 21719 | Orc:2    | //2nd gift: e.g. refrige, haunt, AZ
 21857 | Orc:2    | //forgot corona spell btw
 22186 | Orc:1    | You fall into a shaft and drop 1 floor!
 22275 | Orc:2    | Noticed a stone giant
 22278 | Orc:2    | Killed a stone giant
 22279 | Orc:2    | //stab stone giant (!)
 22317 | Orc:2    | //O:2 with many small rooms
 22651 | Orc:2    | Found Sesokk's Distillery.
 22682 | Orc:2    | //*** Bewitcher ***
 22698 | Orc:2    | Found Nanibluz's Armour Boutique.
 22733 | Orc:2    | Bought a potion of heal wounds for 55 gold pieces
 22733 | Orc:2    | Bought a potion of heal wounds for 55 gold pieces
 22733 | Orc:2    | Bought a potion of magic for 88 gold pieces
 22829 | Orc:2    | Found a roughly hewn altar of Beogh.
 23122 | Orc:2    | Reached XP level 14. HP: 55/55 MP: 14/27
 23141 | Orc:2    | //phial
 23319 | Orc:2    | Found a staircase to the Elven Halls.
 23397 | Orc:2    | Mangled by a sun demon
 23398 | Orc:2    | Reached XP level 13. HP: -11/51 MP: 9/26
 23398 | Orc:2    | //oh no
 23787 | D:$      | Got out of the dungeon alive.

Levels and vault maps discovered:
D:1:      ldierk_walled_garden, layout_loops_ring, skrybe_limestone_x
D:2:      layout_basic, minmay_misc_feat_hallway, kennysheep_generic_room_2
D:3:      layout_loops_ring, first_ration, portal_sewer_entry_d,
          solitary_fountain, minmay_misc_feat_iff, uniq_jessica
D:4:      layout_basic, minmay_temple_entry_overgrown, item_on_display_a,
          uniq_eustachio, uniq_robin
D:5:      layout_basic
D:6:      layout_basic, corexii_corridor_pit, uniq_duvessa
D:7:      layout_loops_ring, serial_shops, nicolae_shop_trees, uniq_pikel
D:8:      layout_basic, david_lair_generic, serial_shops, shop, shop,
          basic_altar, the_bakery, nrook_loot_triangle, minmay_sticks_and_stones
D:9:      layout_roguey, grunt_qazlal_clouds, serial_shops, shop_fountains,
          serial_undead, serial_undead_c, serial_undead_d, serial_undead_c,
          serial_undead_d, doesnt_xom_only_xom
D:10:     layout_basic
D:11:     layout_stronghold, uniq_sonja
D:12:     layout_rooms, david_orc_5, minmay_misc_feat_ornament
D:13:     layout_roguey, serial_shops, shop_coins, shop_statue,
          nicolae_shop_stone, uniq_rupert, uniq_azrael
D:14:     layout_gridville, grunt_vaults_entry_tiered,
          kennysheep_decorative_pillar, jmf_multi_god_temple, uniq_agnes,
          uniq_louise
Temple:   compressed_dpeg_circular_temple
Lair:1:   layout_gridlike, gammafunk_ghost_grave, wad_woods_03, uniq_grum
Lair:2:   layout_regular_city, elwin_shoals_entry_rooms,
          nicolae_spider_entry_orb_guardian, gammafunk_ghost_abyssal_escape,
          fungi_pond_lemuel, chequers_serial_rivers_micro_a
Lair:3:   layout_gridlike, uniq_urug, uniq_gastronok, uniq_fannar
Lair:4:   layout_regular_city
Lair:5:   layout_loops_ring, beast_lair_carwin_3, serial_bayou_shore_b,
          serial_bayou_shore_a
Lair:6:   gammafunk_lair_ancient_temple, layout_regular_city,
          minmay_slime_entry_jelly_boxes, basic_altar,
          lightli_volcano_entry_magma_tube, minmay_lair_drake_nest
Orc:1:    layout_diamond_mine, ebering_ghost_reflecting_pool, basic_altar
Orc:2:    pubby_orc_utopia

Skill      XL: |  1  2  3  4  5  6  7  8  9 10 11 12 13 |
---------------+----------------------------------------+-----
Dodging        | 3 4 6 10 | 10.0
Hexes          | 5 6 7 8 10 12 14 16 | 16.9
Stealth        | 5 7 8 9 11 14 16 | 16.0
Ice Magic      | 1 2 4 6 |  6.0
Spellcasting   | 3 5 8 |  8.0
Invocations    | 1 5 6 7 |  7.0
Unarmed Combat | 2 5 6 7 |  7.0
Fighting       | 1 2 3 |  3.0
Evocations     | 5 7 8 |  8.0

Action                   |  1- 3 |  4- 6 |  7- 9 | 10-12 | 13-15 || total
-------------------------+-------+-------+-------+-------+-------++-------
Melee: Unarmed           |    68 |   107 |   275 |   324 |   330 ||  1104
       Bite              |     3 |     3 |    21 |    30 |    13 ||    70
       Punch             |       |       |     4 |     9 |     2 ||    15
 Cast: Corona            |     7 |       |       |       |       ||     7
       Ensorcelled Hiber |    37 |    53 |   115 |   148 |   171 ||   524
       Confusing Touch   |     1 |     1 |    13 |    13 |     7 ||    35
       Slow              |       |     3 |    21 |    63 |    24 ||   111
       Tukima's Dance    |       |       |     4 |     4 |     2 ||    10
       Invisibility      |       |       |       |       |    10 ||    10
       Metabolic Englaci |       |       |       |       |     2 ||     2
Invok: Channel Magic     |       |       |     2 |       |       ||     2
Evoke: Wand              |       |       |       |    15 |     2 ||    17
  Use: Scroll            |     4 |     6 |     9 |    17 |     9 ||    45
       Potion            |       |     8 |     2 |       |     1 ||    11
 Stab: Sleeping          |    34 |    41 |    67 |   116 |   155 ||   413
       Confused          |     2 |     1 |    11 |    12 |     4 ||    30
       Paralysed         |       |       |       |     4 |       ||     4
       Invisible         |       |       |       |       |    13 ||    13
       Distracted        |       |       |       |       |     1 ||     1
  Eat: Chunk             |    13 |     9 |    25 |    15 |    14 ||    76
       Ration            |       |       |     1 |       |       ||     1
Armor: Skin              |     1 |     7 |     6 |       |    14 ||    28
Dodge: Dodged            |    39 |   102 |   167 |    76 |   180 ||   564
Block: Other             |       |       |    16 |    26 |       ||    42
       Reflection        |       |       |     1 |       |       ||     1

Table legend:
 A = Non-vault XP
 B = Vault XP
 C = Vault XP percentage of total XP
 D = Non-vault monster count
 E = Vault monster count
 F = Vault count percentage of total count
                 A         B        C        D         E       F
            +---------+---------+-------+---------+---------+-------
      Total |   42399 |   22623 |  34.8 |     323 |     160 |  33.1
            +---------+---------+-------+---------+---------+-------
        D:1 |      45 |       0 |   0.0 |      23 |       0 |   0.0
        D:2 |      27 |       4 |  12.9 |      10 |       2 |  16.7
        D:3 |      41 |      51 |  55.4 |      14 |       2 |  12.5
        D:4 |      54 |      35 |  39.3 |       5 |      11 |  68.8
        D:5 |     701 |       0 |   0.0 |      27 |       0 |   0.0
        D:6 |     519 |      60 |  10.4 |      21 |       1 |   4.5
        D:7 |     532 |       0 |   0.0 |       8 |       0 |   0.0
        D:8 |    2206 |    1789 |  44.8 |      26 |       6 |  18.8
        D:9 |     757 |      49 |   6.1 |      11 |       2 |  15.4
       D:10 |    2214 |       0 |   0.0 |      15 |       0 |   0.0
       D:11 |    6092 |     807 |  11.7 |      22 |       1 |   4.3
       D:12 |    3463 |     812 |  19.0 |      21 |      23 |  52.3
       D:13 |    1752 |       0 |   0.0 |       7 |       0 |   0.0
       D:14 |    1033 |    1791 |  63.4 |       2 |       2 |  50.0
     Lair:1 |    4406 |    1010 |  18.6 |      16 |       7 |  30.4
     Lair:2 |    4497 |       0 |   0.0 |      22 |       0 |   0.0
     Lair:3 |    1416 |    1807 |  56.1 |       6 |       2 |  25.0
     Lair:4 |    7174 |       0 |   0.0 |      23 |       0 |   0.0
     Lair:5 |    1293 |    1365 |  51.4 |       7 |       5 |  41.7
     Lair:6 |    1846 |     509 |  21.6 |       8 |       2 |  20.0
      Orc:1 |    2331 |       0 |   0.0 |      29 |       0 |   0.0
      Orc:2 |       0 |   12504 | 100.0 |       0 |      90 | 100.0
      Sewer |       0 |      30 | 100.0 |       0 |       4 | 100.0
            +---------+---------+-------+---------+---------+-------
